 Dungeon Crawl Stone Soup version 0.31-a0-1300-gb6740aa4e6 (webtiles) character file.

Game seed: 9077931832587714495

151246 grandjackal the Warrior (level 17, -18/213 HPs)
             Began as an Armataur Fighter on Dec 18, 2023.
             Was the Champion of Okawaru.
             Demolished by an ettin
             ... wielding a +0 giant spiked club of distortion
              (35 damage)
             ... on level 4 of the Abyss.
             The game lasted 00:48:19 (24854 turns).

grandjackal the Warrior (Armataur Fighter)         Turns: 24854, Time: 00:48:19

Health: -18/213    AC: 32    Str: 32    XL:     17   Next: 0%
Magic:  36/36      EV: 12    Int:  8    God:    Okawaru [******]
Gold:   1715       SH: 15    Dex: 13    Spells: 16/16 levels left

rFire   + + .        m - +7 eveningstar (flame)
rCold   + . .        Y - +0 kite shield
rNeg    + . .        s - +2 chain mail {rC+}
rPois   +            g - +2 helmet
rElec   .            h - +0 cloak "Cetafig" {rN+ Dex+4}
rCorr   +            n - +3 pair of gloves of Hedonism {rF+ MP+9 Str+3 Int-4}
SInv    .            W - +0 barding of Waozxun {rPois rCorr Int+2 Slay+2}
Will    +....        i - amulet of regeneration Stlth
                     H - ring of protection from fire
HPRegen 1.35/turn    r - +5 ring of evasion
MPRegen 0.25/turn

%: roll
@: berserking, heroic, slowed, studying Unarmed Combat, silenced
A: large, deformed body, tough skin 3, armoured tail, roll 2, long tongue
a: Renounce Religion


You were on level 4 of the Abyss.
You worshipped Okawaru.
Okawaru was exalted by your worship.
You visited 4 branches of the dungeon, and saw 25 of its levels.
You visited the Abyss 1 time.
You also visited: Ossuary and Gauntlet.

You collected 2955 gold pieces.
You spent 1240 gold pieces at shops.

Inventory:

Hand Weapons
 a - the +4 eveningstar of the First Lovers {heavy, rPois rN+++ rCorr Dex-5}
   (Okawaru gifted it to you on level 9 of the Dungeon)

   Dex-5:     It affects your dexterity (-5).
   rPois:     It protects you from poison rN+++: It renders you almost immune to
   negative energy.
   rCorr:     It protects you from acid and corrosion.
 m - a +7 eveningstar of flaming (weapon)
Missiles
 c - 3 throwing nets
Armour
 g - a +2 helmet (worn)
 h - the +0 cloak "Cetafig" (worn) {rN+ Dex+4}
   (You found it in a Gauntlet)

   Dex+4:     It affects your dexterity (+4).
   rN+:       It protects you from negative energy.
 n - the +3 pair of gloves of Hedonism (worn) {rF+ MP+9 Str+3 Int-4}
   (You found it in a Gauntlet)

   Str+3:     It affects your strength (+3).
   Int-4:     It affects your intelligence (-4).
   rF+:       It protects you from fire.
   MP+9:      It affects your magic capacity (+9).
 s - a +2 chain mail of cold resistance (worn)
 G - the +1 scale mail of Curiosity {rElec Str+2}
   (You found it on level 11 of the Dungeon)

   Str+2:     It affects your strength (+2).
   rElec:     It insulates you from electricity.
 W - the +0 barding of Waozxun (worn) {rPois rCorr Int+2 Slay+2}
   (Okawaru gifted it to you on level 9 of the Dungeon)

   Int+2:     It affects your intelligence (+2).
   Slay+2:    It affects your accuracy & damage with ranged weapons and melee
   (+2).
   rPois:     It protects you from poison rCorr: It protects you from acid and
   corrosion.
 Y - a +0 kite shield (worn)
Jewellery
 i - an amulet of regeneration (around neck)
 k - an amulet of reflection
 r - a +5 ring of evasion (right hand)
 B - a ring of flight
 H - a ring of protection from fire (left hand)
 K - a ring of protection from fire
 R - a ring of willpower
 S - a ring of protection from cold
 X - a ring of see invisible
Wands
 b - a wand of polymorph (7)
 y - a wand of flame (41)
 C - a wand of mindburst (15)
 I - a wand of iceblast (18)
 P - a wand of paralysis (17)
 Q - a wand of light (3)
 V - a wand of digging (8)
Scrolls
 f - 6 scrolls of blinking
 j - 6 scrolls of immolation
 p - 5 scrolls of vulnerability
 q - 2 scrolls of revelation
 t - 12 scrolls of teleportation
 v - 5 scrolls of fear
 w - 4 scrolls of enchant armour
 x - 9 scrolls of poison
 D - a scroll of fog
Potions
 d - 2 potions of magic
 e - 12 potions of curing
 l - 8 potions of haste
 o - 6 potions of mutation
 u - 2 potions of brilliance
 z - 4 potions of ambrosia
 A - a potion of lignification
 F - 8 potions of heal wounds
 J - 2 potions of enlightenment
 L - a potion of cancellation
 M - 4 potions of might
 N - 2 potions of invisibility
 O - a potion of attraction
 Z - a potion of resistance


   Skills:
 + Level 15.3(20.3) Fighting
 + Level 15.1(20.1) Maces & Flails
 - Level 12.4(17.4) Armour
 + Level 15.0(20.0) Shields
 - Level 14.0 Invocations


You had 16 spell levels left.
You didn't know any spells.
Your spell library contained the following spells:

 Spells                   Type           Power      Damage    Failure   Level
 Apportation              Tloc           0%         N/A       77%         1
 Foxfire                  Conj/Fire      0%         2x1d4     77%         1
 Kiss of Death            Conj/Necr      0%         2d5       77%         1
 Magic Dart               Conj           0%         1d3       77%         1
 Cigotuvi's Dreadful Rot  Necr/Pois/Air  0%         N/A       88%         2
 Ensorcelled Hibernation  Hex/Ice        0%         N/A       88%         2
 Jinxbite                 Hex            0%         N/A       88%         2
 Lesser Beckoning         Tloc           0%         N/A       88%         2
 Passwall                 Tmut/Erth      0%         N/A       88%         2
 Wereblood                Tmut           0%         N/A       88%         2
 Confusing Touch          Hex            0%         N/A       98%         3
 Dazzling Flash           Conj/Hex       0%         N/A       98%         3
 Hailstorm                Conj/Ice       0%         3d5       98%         3
 Ignite Poison            Fire/Tmut/Pois 0%         N/A       98%         3
 Mephitic Cloud           Conj/Pois/Air  0%         N/A       98%         3
 Swiftness                Air            0%         N/A       98%         3
 Dispel Undead            Necr           0%         3d6       100%        4
 Sticky Flame             Conj/Fire      0%         2d3       100%        4
 Agony                    Necr           0%         N/A       100%        5
 Alistair's Intoxication  Tmut/Pois      0%         N/A       100%        5
 Borgnjor's Vile Clutch   Necr/Erth      0%         N/A       100%        5
 Freezing Cloud           Conj/Ice/Air   0%         6-21      100%        5
 Irradiate                Conj/Tmut      0%         3d11      100%        5
 Iskenderun's Battlesphe  Conj           0%         2d6       100%        5
 Lee's Rapid Deconstruct  Erth           0%         3d4*      100%        5
 Silence                  Hex/Air        0%         N/A       100%        5
 Eringya's Noxious Bog    Tmut/Pois      0%         4d6       100%        6
 Plasma Beam              Fire/Air       0%         2x1d10    100%        6
 Starburst                Conj/Fire      0%         6d3       100%        6
 Call Imp                 Summ           Unusable   N/A       N/A         2
 Animate Armour           Summ/Erth      Unusable   N/A       N/A         4
 Summon Lightning Spire   Summ/Air       Unusable   N/A       N/A         4

Dungeon Overview and Level Annotations

Branches:
Dungeon (15/15)            Temple (0/1) D:7            Lair (5/5) D:11
 Shoals (0/4) Lair:2       Spider (0/4) Lair:3        Slime (0/5) Lair:5
    Orc (2/2) D:10            Elf (3/3) Orc:2        Vaults (0/5) D:13
 Depths (0/4) D:15        Ossuary (visited)         Gauntlet (visited)

Altars:
Fedhas
Okawaru
Qazlal
Ru
Sif Muna
Xom

Shops:
D:2 *:[!*   D:6 *   Orc:2 ??[[   Elf:3 (

Portals:
Trove: D:10 (give +6 demon trident)

Annotations:
Orc:1 1 runed translucent door, Daonol's ghost, journeyman TrBe
Elf:2 5 runed translucent doors


Innate Abilities, Weirdness & Mutations

Armour fits poorly on your strangely shaped body.
You have extremely tough skin. (AC +3)
You have a long armoured tail.
You regenerate magic and health when rolling toward enemies. (Rampage Regen)
Your long tongue fully drains potion bottles. (2x potion effects)


Message History

Your base Shields skill increases to level 15!
You impale the flayed ghost!! You burn the flayed ghost!
Your tail-slap misses the flayed ghost.
The flayed ghost is severely damaged.
The flayed ghost hits you but does no damage.
You barely miss the flayed ghost.
Your tail-slap misses the flayed ghost.
The flayed ghost is severely damaged.
You block the flayed ghost's attack.
You impale the flayed ghost!! You burn the flayed ghost!
You destroy the flayed ghost!
Okawaru accepts your kill.
You feel yourself speed up.
You have reached level 17!
Found a runelight.
Found a runelight.
Found two runelights.
Found a runelight.
An ettin comes into view.
It is wielding a +0 giant spiked club of distortion and a +0 giant club of chaos.
Found two runelights.
The ettin hits you with a +0 giant spiked club of distortion!
Space warps around you.
The ettin hits you with a +0 giant club of chaos!!
The ettin freezes you. The ettin attacks as it pursues you!
The ettin hits you with a +0 giant spiked club of distortion!
Space warps horribly around you!!
* * * LOW HITPOINT WARNING * * *
You block the ettin's attack.
A red film seems to cover your vision as you go berserk!
You feel yourself moving faster!
You feel mighty!
You slurp down every last drop of the potion of berserk rage!
You block the ettin's attack.
The ettin hits you with a +0 giant club of chaos!!
* * * LOW HITPOINT WARNING * * *
You feel yourself slow down.
You impale the ettin!! You burn the ettin.
Your tail-slap misses the ettin.
The ettin is heavily wounded.
The ettin completely misses you.
The ettin hits you with a +0 giant club of chaos!!
You die...

## .⌠ ## .. #.# ⌠
## ⌠ . ##... . #.
#. # #.... .##.
.⌠.#.~ . .....⌠##.#
# #~# ...
.....⌠#~## φ #⌠~> .
..~~~⌠##.# ##⌠#
##.. #C#### ##∩⌠#
#. ..
##@#.####.#⌠..##..#
....⌠.##.#..#.## .
. # .......#####.##
⌠ # )... .......~ #
#....# .. .....#.⌠
⌠⌠⌠⌠~... # ........
. ... ..# ..
....##.. .# ~~
~~... ~..# .. ...
~~~~~ . .. ~... .


You could see an ettin.

Vanquished Creatures
  A deep elf sorcerer (Elf:1)
  A deep elf elementalist (Elf:3)
  An orc warlord (D:10)
  A deep elf death mage (Elf:3)
  A minotaur (Gauntlet)
  A green death (Gauntlet)
  2 ettins
  A fire dragon (Lair:5)
  Josephine (Lair:5)
  An ice dragon (D:15)
  8 hydras
  A vault guard (D:13)
  A rakshasa (D:15)
  7 centaur warriors
  5 boulder beetles
  An ogre mage (D:10)
  A catoblepas (Lair:5)
  A death knight (D:13)
  2 two-headed ogres
  21 dancing weapons
  A deep troll earth mage (D:15)
  A tengu warrior (D:13)
  A hell hog (Lair:5)
  2 orc high priests (Orc:2)
  An occultist (Elf:1)
  6 deep elf knights
  3 skysharks
  A skyshark (shapeshifter) (Elf:1)
  A shadow wraith (Abyss:4)
  9 skeletal warriors
  A flayed ghost (Abyss:4)
  A lindwurm (Lair:2)
  A swamp dragon (Lair:5)
  13 deep elf archers
  4 wolf spiders
  30 deep elf pyromancers
  A necromancer (Gauntlet)
  6 orc sorcerers
  5 ugly things
  2 orc knights
  3 manticores
  15 deep elf zephyrmancers
  An oklob plant (Lair:4)
  8 cyclopes
  2 kobold blastminers (Orc:2)
  4 black mambas
  7 gargoyles
  13 cane toads
  2 orange demons (Gauntlet)
  3 torpor snails
  3 unseen horrors
  An efreet (D:14)
  4 kobold demonologists
  9 rime drakes
  11 komodo dragons
  A freezing wraith (D:13)
  13 polar bears
  A hornet (D:8)
  9 meliai
  6 trolls
  2 raiju (shapeshifter) (D:13)
  18 blink frogs
  Prince Ribbit (Lair:3)
  A raiju (Lair:5)
  2 air elementals
  3 shadows
  3 water elementals (Elf:1)
  A vampire (D:9)
  7 slime creatures (D:14)
  A warg (shapeshifter) (D:10)
  6 wyverns
  7 wraiths
  37 yaks
  3 fire elementals
  Eustachio (D:5)
  A steam dragon (Lair:5)
  9 wargs
  Grum (D:9)
  9 vampire mosquitoes
  4 basilisks
  Menkaure (D:7)
  6 acid dragons
  16 water moccasins
  14 hell hounds (Lair:5)
  31 orc warriors
  2 swamp drakes
  6 ice beasts
  15 black bears
  A hornet zombie (Ossuary)
  2 sky beasts
  39 wolves
  7 ogres
  20 centaurs
  A phantom (D:3)
  6 kobold brigands
  21 bullfrogs
  5 necrophages (D:8)
  4 scorpions
  2 earth elementals
  3 water moccasin zombies (Ossuary)
  A wyvern zombie (Ossuary)
  13 wights
  14 killer bees
  8 howler monkeys
  4 electric eels
  5 centaur zombies
  A lava snake (Lair:3)
  4 jellies
  9 bullfrog zombies (Ossuary)
  30 orc priests
  5 hounds
  2 gnoll boudas
  Terence (D:3)
  Jessica (D:2)
  12 mummies (Ossuary)
  54 orc wizards
  Natasha (thrice) (D:2)
  7 iguanas
  4 hell rats (Lair:3)
  4 howler monkey zombies
  Robin (D:4)
  14 gnolls
  15 adders
  3 white imps
  2 ufetubi (D:6)
  2 worms
  3 dart slugs
  99 orcs
  4 endoplasms
  8 giant cockroaches
  11 goblins
  13 hobgoblins
  11 jackals
  8 quokkas
  5 ball pythons
  9 bats
  4 frilled lizards
  34 kobolds
  9 rats
1021 creatures vanquished.

Vanquished Creatures (others)
  2 deep elf knights
  An ugly thing (D:7)
  2 starspawn tentacles (Abyss:2)
5 creatures vanquished.

Grand Total: 1026 creatures vanquished

Notes
Turn   | Place    | Note
-------+----------+-------------------------------------------
     0 | D:1      | grandjackal the Armataur Fighter began the quest for the
                  | Orb.
     0 | D:1      | Reached XP level 1. HP: 17/17 MP: 1/1
   385 | D:1      | Reached XP level 2. HP: 23/23 MP: 2/2
   909 | D:2      | Reached XP level 3. HP: 29/29 MP: 3/3
   938 | D:2      | Found Biusemuts's General Store.
   978 | D:2      | Found Etaghafri's Book Shoppe.
  1000 | D:2      | Bought a throwing net for 36 gold pieces
  1102 | D:2      | Noticed Jessica
  1115 | D:2      | Killed Jessica
  1116 | D:2      | Reached XP level 4. HP: 35/35 MP: 4/4
  1318 | D:2      | Noticed Natasha
  1357 | D:2      | Killed Natasha
  1433 | D:2      | Found Gasuf's Distillery.
  1576 | D:2      | Noticed Natasha
  1590 | D:2      | Killed Natasha
  1591 | D:2      | Reached XP level 5. HP: 12/41 MP: 5/5
  1663 | D:2      | Reached skill level 5 in Armour
  1670 | D:2      | Noticed Natasha
  1673 | D:2      | Killed Natasha
  1852 | D:2      | Found Pelism's General Store.
  1936 | D:2      | Found Neythesch's Armour Shoppe.
  2480 | D:3      | Noticed Terence
  2486 | D:3      | Killed Terence
  2902 | D:3      | Reached XP level 6. HP: 48/48 MP: 6/6
  3413 | D:2      | Bought a scroll of blinking for 105 gold pieces
  3454 | D:3      | Gained mutation: You regenerate magic and health when
                  | rolling toward enemies. (Rampage Regen) [Armataur growth]
  3454 | D:3      | Reached XP level 7. HP: 55/55 MP: 7/7
  3679 | D:4      | Noticed Robin
  3852 | D:4      | Killed Robin
  3986 | D:4      | Found a shimmering blue altar of Sif Muna.
  3991 | D:4      | Found a sacrificial altar of Ru.
  3997 | D:4      | Found an iron altar of Okawaru.
  4108 | D:4      | Became a worshipper of Warmaster Okawaru
  4162 | D:4      | Reached skill level 5 in Fighting
  4253 | D:5      | Entered Level 5 of the Dungeon
  4255 | D:5      | Noticed a vampire mosquito
  4256 | D:5      | Noticed a vampire mosquito
  4256 | D:5      | Noticed a vampire mosquito
  4257 | D:5      | Noticed a vampire mosquito
  4266 | D:4      | Reached skill level 1 in Invocations
  4316 | D:4      | Reached XP level 8. HP: 48/62 MP: 9/9
  4332 | D:5      | Reached * piety under Okawaru
  4467 | D:5      | Reached skill level 5 in Maces & Flails
  4486 | D:5      | Noticed Eustachio
  4509 | D:5      | Killed Eustachio
  5044 | D:6      | Found a sand-covered staircase.
  5053 | Ossuary  | Entered an ossuary
  5084 | Ossuary  | Reached ** piety under Okawaru
  5085 | Ossuary  | Reached XP level 9. HP: 69/69 MP: 11/11
  5323 | Ossuary  | Reached *** piety under Okawaru
  5433 | D:6      | Reached skill level 5 in Invocations
  5629 | D:6      | Found Xibem's Serpentskin Sales.
  5680 | D:6      | Bought a scroll of poison for 44 gold pieces
  5970 | D:6      | Reached **** piety under Okawaru
  6344 | D:7      | Found a staircase to the Ecumenical Temple.
  6351 | D:6      | Reached XP level 10. HP: 64/76 MP: 14/14
  6580 | D:7      | Noticed a two-headed ogre
  6580 | D:7      | Noticed a white ugly thing
  6591 | D:7      | Killed a two-headed ogre
  6592 | D:7      | Reached skill level 10 in Armour
  6595 | D:7      | Killed a white ugly thing
  6626 | D:7      | Reached ***** piety under Okawaru
  6930 | D:7      | Noticed Menkaure
  7012 | D:7      | Killed Menkaure
  7518 | D:8      | Noticed a rust devil
  7541 | D:8      | Noticed a rust devil
  7930 | D:8      | Reached XP level 11. HP: 60/87 MP: 16/16
  8086 | D:8      | Received a gift from Okawaru
  8226 | D:8      | Found a blossoming altar of Fedhas.
  8439 | D:9      | Noticed a sixfirhy
  8587 | D:9      | Noticed a two-headed ogre
  8600 | D:9      | Killed a two-headed ogre
  8746 | D:9      | Reached ****** piety under Okawaru
  8746 | D:9      | Received a gift from Okawaru
  8817 | D:9      | Acquired the +4 eveningstar of the First Lovers {heavy,
                  | rPois rN+++ rCorr Dex-5}
  8817 | D:9      | Received a gift from Okawaru
  8820 | D:9      | Acquired the +0 barding of Waozxun {rPois rCorr Int+2
                  | Slay+2}
  8820 | D:9      | Received a gift from Okawaru
  9037 | D:9      | Found a shimmering altar of Xom.
  9369 | D:10     | Entered Level 10 of the Dungeon
  9369 | D:10     | Noticed Grum
  9375 | D:9      | Killed Grum
  9413 | D:10     | Noticed an orc knight
  9415 | D:10     | Noticed a boulder beetle
  9436 | D:9      | Killed a boulder beetle
  9461 | D:10     | Noticed a red ugly thing
  9464 | D:10     | Killed an orc knight
  9470 | D:10     | Killed a red ugly thing
  9666 | D:2      | Bought a +0 kite shield for 63 gold pieces
  9666 | D:2      | Bought a scroll of amnesia for 56 gold pieces
  9666 | D:2      | Bought a scroll of vulnerability for 56 gold pieces
  9686 | D:2      | Bought a potion of lignification for 33 gold pieces
  9686 | D:2      | Bought a potion of resistance for 110 gold pieces
  9686 | D:2      | Bought a potion of heal wounds for 55 gold pieces
  9861 | D:10     | Noticed a deep elf pyromancer
  9874 | D:10     | Killed a deep elf pyromancer
  9874 | D:10     | Received a gift from Okawaru
 10023 | D:10     | Reached XP level 12. HP: 97/97 MP: 18/18
 10130 | D:10     | Noticed an ogre mage
 10131 | D:10     | Paralysed by an ogre mage for 3 turns
 10137 | D:10     | Killed an ogre mage
 10243 | D:10     | Found a portal to a secret trove of treasure.
 10488 | D:10     | Reached skill level 5 in Shields
 10509 | D:10     | Found a staircase to the Orcish Mines.
 10720 | D:11     | Reached skill level 10 in Fighting
 10763 | D:11     | Found a staircase to the Lair.
 10834 | D:11     | Found an iron altar of Okawaru.
 10933 | D:11     | Identified the +1 scale mail of Curiosity {rElec Str+2}
 11048 | D:11     | Reached skill level 10 in Maces & Flails
 11144 | D:11     | Received a gift from Okawaru
 11633 | D:12     | Reached skill level 10 in Invocations
 12039 | Orc:1    | Entered Level 1 of the Orcish Mines
 12043 | Orc:1    | Noticed an orc warlord
 12124 | Lair:1   | Entered Level 1 of the Lair of Beasts
 12235 | Lair:1   | Received a gift from Okawaru
 12498 | Lair:1   | Reached XP level 13. HP: 94/105 MP: 20/20
 12601 | Lair:1   | Identified the +2 cloak of the Nurturing Gods {Harm rF++
                  | rCorr Str-4}
 13166 | Lair:2   | Received a gift from Okawaru
 13380 | Lair:2   | Received a gift from Okawaru
 13618 | Lair:2   | Found a staircase to the Shoals.
 14074 | Lair:3   | Received a gift from Okawaru
 14257 | Lair:3   | Noticed Prince Ribbit
 14277 | Lair:3   | Killed Prince Ribbit
 14279 | Lair:3   | Found a hole to the Spider Nest.
 14476 | Lair:3   | Identified a scroll of acquirement
 14479 | Lair:3   | Acquired a +3 eveningstar of holy wrath
 15223 | Lair:4   | Received a gift from Okawaru
 15381 | Lair:4   | Reached XP level 14. HP: 114/114 MP: 22/22
 15776 | Lair:5   | Entered Level 5 of the Lair of Beasts
 15776 | Lair:5   | Found a staircase to the Slime Pits.
 15779 | Lair:5   | Noticed Josephine
 15801 | Lair:5   | Killed Josephine
 15804 | Lair:5   | Reached skill level 10 in Shields
 15900 | Lair:5   | Received a gift from Okawaru
 16493 | Lair:5   | Received a gift from Okawaru
 17162 | D:10     | Killed an orc warlord
 17315 | Orc:1    | Noticed Daonol's ghost (journeyman TrBe)
 17319 | Orc:1    | Found a runed translucent door.
 17331 | Orc:1    | HP: 3/116 [ettin/+0 great mace (12)]
 17497 | Orc:1    | Received a gift from Okawaru
 17864 | Orc:2    | Entered Level 2 of the Orcish Mines
 18003 | Orc:2    | Found a staircase to the Elven Halls.
 18212 | Orc:2    | Reached XP level 15. HP: 81/122 MP: 24/24
 18260 | Orc:2    | Found Veyf's Armour Shoppe.
 18260 | Orc:2    | Found Niacsi's Magic Scroll Emporium.
 18273 | Orc:2    | Found Ahozyul's Antique Armour Shoppe.
 18275 | Orc:2    | Found Faxzaew's Magic Scroll Emporium.
 18375 | Orc:2    | Bought a pair of ichor-stained gloves for 237 gold pieces
 18375 | Orc:2    | Identified the +1 pair of gloves of Liberty {rF- Str+3}
                  | (You bought it in a shop on level 2 of the Orcish Mines)
 18376 | Orc:2    | Bought a scroll of blinking for 112 gold pieces
 18376 | Orc:2    | Bought a scroll of immolation for 60 gold pieces
 18378 | Orc:2    | Bought a scroll of teleportation for 42 gold pieces
 18378 | Orc:2    | Bought 3 scrolls of teleportation for 126 gold pieces
 18378 | Orc:2    | Bought a scroll of enchant weapon for 105 gold pieces
 18821 | D:13     | Received a gift from Okawaru
 18888 | D:13     | Found a gate leading to a gauntlet.
 18898 | Gauntlet | Entered a Gauntlet
 18898 | Gauntlet | Found a transporter.
 18901 | Gauntlet | Found a transporter.
 18903 | Gauntlet | Found a transporter.
 18920 | Gauntlet | Found a transporter.
 18921 | Gauntlet | Found a transporter.
 18928 | Gauntlet | Found a runed translucent gate.
 18928 | Gauntlet | Found a runed translucent gate.
 18931 | Gauntlet | Found a runed translucent gate.
 18931 | Gauntlet | Found a transporter.
 18944 | Gauntlet | Found a transporter.
 18954 | Gauntlet | Found a runed translucent door.
 18958 | Gauntlet | Found a transporter.
 18967 | Gauntlet | Found a transporter.
 18981 | Gauntlet | Found a transporter.
 18990 | Gauntlet | Found a transporter.
 18992 | Gauntlet | Found a transporter.
 19060 | Gauntlet | Found a transporter.
 19105 | Gauntlet | Identified the +3 pair of gloves of Hedonism {rF+ MP+9
                  | Str+3 Int-4}
 19164 | Gauntlet | Got the Directory of Unstable Attacks
 19166 | Gauntlet | Identified the +0 cloak "Cetafig" {rN+ Dex+4}
 19423 | D:13     | Received a gift from Okawaru
 19574 | D:13     | Found a gate to the Vaults.
 19963 | D:14     | Received a gift from Okawaru
 20896 | D:14     | Received a gift from Okawaru
 20989 | D:15     | Entered Level 15 of the Dungeon
 21133 | D:15     | Found a stormy altar of Qazlal.
 21374 | D:15     | Found a staircase to the Depths.
 21906 | Elf:1    | Entered Level 1 of the Elven Halls
 21945 | Elf:1    | Reached XP level 16. HP: 124/133 MP: 26/26
 22169 | Orc:2    | Received a gift from Okawaru
 22500 | Elf:1    | Received a gift from Okawaru
 23237 | Elf:2    | Received a gift from Okawaru
 23342 | Elf:2    | Found a huge runed translucent gate.
 23342 | Elf:2    | Found a huge runed translucent gate.
 23342 | Elf:2    | Found a huge runed translucent gate.
 23342 | Elf:2    | Found a huge runed translucent gate.
 23343 | Elf:2    | Found a huge runed translucent gate.
 23656 | Elf:2    | Reached skill level 15 in Fighting
 23865 | Elf:3    | Entered Level 3 of the Elven Halls
 23986 | Elf:3    | Received a gift from Okawaru
 24010 | Elf:3    | Reached skill level 15 in Maces & Flails
 24354 | Elf:3    | Found Siligh's Antique Weapon Boutique.
 24719 | Abyss:2  | Cast into level 2 of the Abyss (a deep elf sorcerer)
 24726 | Abyss:2  | Found a corrupted altar of Lugonu.
 24739 | Abyss:2  | Noticed a tentacled starspawn
 24797 | Abyss:4  | Found a corrupted altar of Lugonu.
 24843 | Abyss:4  | Reached skill level 15 in Shields
 24846 | Abyss:4  | Reached XP level 17. HP: 101/142 MP: 27/27
 24854 | Abyss:4  | Demolished by an ettin

Illustrated notes

Levels and vault maps discovered:
D:1:      wander_arrival_chamber, layout_loops_corners
D:2:      layout_basic, serial_shops, nicolae_square_shop, shop, shop, shop,
          shop, uniq_natasha, uniq_jessica
D:3:      minmay_chambers_of_threes, layout_loops_cross,
          serial_co_window_serial, co_window_of_opportunity_a,
          co_window_corner_a, co_window_corner_a, co_window_corner_a,
          co_window_corner_a, co_window_broadway_a, co_window_corner_cb,
          co_window_unsneaky_path_d, co_window_paths_c, co_window_corner_ca,
          co_window_paths_e, co_window_paths_d, glass_columns_a,
          glass_columns_a, uniq_terence
D:4:      layout_rooms, minitemple, uniq_robin
D:5:      layout_loops_cross, uniq_eustachio
D:6:      layout_cave_pods, mainiacjoe_ossuary_entry_dusty_tomb,
          guppyfry_shop_venom
D:7:      minmay_the_grid_four_pointed_star
          [minmay_the_grid_triangle_9x9_corrupted_corridor,
          minmay_the_grid_triangle_9x9_sparse_checkered,
          minmay_the_grid_triangle_9x9_descending_squares,
          minmay_the_grid_triangle_9x9_skeleton,
          minmay_the_grid_prize_big_room], layout_basic,
          minmay_temple_entry_butterflies, minivault_14, uniq_menkaure
D:8:      cheibrodos_iron_armory, layout_loops_ring, fedhas_altar_decomposition
D:9:      cheibrodos_statue_roulette, layout_loops_cross, lemuel_tele_altar,
          nicolae_eternal_life
D:10:     minmay_diamond_stairs, layout_loops_ring, erik_orc_1,
          nicolae_trove_entry_crossroad, chequers_serial_rivers_micro_c,
          chequers_serial_rivers_micro_d, uniq_grum
D:11:     layout_irregular_city, hellmonk_lair_entry_icy, okawaru_trees_2
D:12:     layout_irregular_city
D:13:     layout_long_grid, david_vaults_5, gauntlet_entry_generic
D:14:     layout_rooms, special_room [special_room_orc],
          kennysheep_big_empty_room, serial_bayou_pond_b,
          grunt_decor_mini_mirrors
D:15:     hellmonk_depths_entry_around_the_bend, layout_basic,
          nicolae_qazlal_style_of_elements
Lair:1:   minmay_lair_venomous_thicket, layout_cave_pods, serial_bayou_shore_a,
          lemuel_fruit_fields
Lair:2:   beargit_carnivore_pack, layout_chaotic_city,
          minmay_shoals_entry_centaurs, beast_lair_carwin_11, grunt_megastairs_1
Lair:3:   layout_gridlike, spider_nest_entry_web_field,
          eino_small_chamber_without_monster, grunt_megastairs_4,
          uniq_prince_ribbit2
Lair:4:   layout_misc_corridors, grunt_megastairs_3
Lair:5:   guppyfry_lair_end_dragon, layout_misc_corridors,
          hangedman_lair_caniforms_friends, slime_entry_1, uniq_josephine
Orc:1:    layout_caves, hellmonk_ghost_happy_afterlife, nicolae_orc_rockfall
Orc:2:    st_orc_mages, layout_diamond_mine
Elf:1:    nicolae_elf_arrival_fired_up, layout_gridlike, hangedman_elf_disciples
Elf:2:    elven_hall_of_blades_hangedman_alternative
          [nicolae_blade_entry_floor_patterns], layout_gridlike, minivault_23,
          grunt_megastairs_5
Elf:3:    minmay_elf_hall_statues, layout_geoelf_castle, serial_shops,
          nicolae_shop_overgrown_old_shop
Abyss:4:  base: Crypt:1, evilmike_abyss_rune_ettins

Skill      XL: |  1  2  3  4  5  6  7  8  9 10 11 12 13 14 15 16 |
---------------+-------------------------------------------------+-----
Maces & Flails | 2 3 4 5 7 8 9 10 11 12 13 15 | 15.1
Armour         | 4 5 6 7 8 9 11 12 | 12.4
Fighting       | 3 4 5 6 7 8 9 10 11 12 14 15 | 15.3
Shields        | 4 7 9 11 13 15 | 15.0
Invocations    | 1 3 5 7 9 10 11 13 14 | 14.0

Action                     |  1- 3 |  4- 6 |  7- 9 | 10-12 | 13-15 | 16-18 || total
---------------------------+-------+-------+-------+-------+-------+-------++-------
  Melee: Flail             |    90 |    75 |       |       |       |       ||   165
         Tailslap          |    10 |    14 |    42 |    84 |   180 |    58 ||   388
         Mace              |       |    71 |   408 |   394 |       |       ||   873
         Eveningstar       |       |       |       |   295 |  1228 |   382 ||  1905
 Invoke: Heroism           |       |       |       |     4 |     3 |     4 ||    11
         Receive Weapon    |       |       |       |     1 |       |       ||     1
         Receive Armour    |       |       |       |     1 |       |       ||     1
         Finesse           |       |       |       |     1 |     1 |       ||     2
  Evoke: Wand              |       |       |       |     5 |    17 |       ||    22
    Use: Potion            |       |       |     2 |     3 |     2 |     1 ||     8
         Scroll            |       |       |     6 |    16 |    15 |     1 ||    38
   Stab: Invisible         |       |       |       |     5 |       |       ||     5
         Sleeping          |       |       |       |       |     1 |       ||     1
 Armour: Scale mail        |    60 |    87 |       |       |       |       ||   147
         Chain mail        |       |    71 |   553 |   676 |  1482 |   310 ||  3092
  Dodge: Dodged            |    37 |    48 |   216 |   381 |   624 |    81 ||  1387
  Block: Buckler           |    27 |    68 |   216 |   269 |   162 |       ||   742
         Kite shield       |       |       |       |       |   699 |   162 ||   861

Table legend: (Time is in decaauts)
 A = Elapsed time spent in this place.
 B = Non-inter-level travel time spent in this place.
 C = Inter-level travel time spent in this place.
 D = Time resting spent in this place.
 E = Time spent auto-exploring this place.
 F = Levels seen in this place.
 G = Mean time per level.
                   A        B        C        D        E       F      G
               +--------+--------+--------+--------+--------+-----+--------+
         Total |  25461 |  23535 |   1926 |   1751 |  14188 |  30 |  848.7 |
       Dungeon |  15379 |  13816 |   1563 |    976 |   9133 |  15 | 1025.3 |
          Lair |   4953 |   4703 |    250 |    307 |   3104 |   5 |  990.6 |
  Orcish Mines |   1856 |   1790 |     66 |    334 |    921 |   2 |  928.0 |
   Elven Halls |   2458 |   2412 |     46 |    107 |    965 |   3 |  819.3 |
         Abyss |    131 |    131 |      0 |      0 |      0 |   3 |   43.7 |
       Ossuary |    417 |    417 |      0 |     10 |     64 |   1 |  417.0 |
      Gauntlet |    266 |    266 |      0 |     17 |      0 |   1 |  266.0 |
               +--------+--------+--------+--------+--------+-----+--------+

Top non-repeatable levels by time:
     D:3: 1706 daAuts
     D:7: 1230 daAuts
     D:2: 1229 daAuts
    D:10: 1223 daAuts
   Orc:2: 1187 daAuts
  Lair:5: 1142 daAuts
     D:6: 1098 daAuts
  Lair:1: 1095 daAuts
     D:8: 1083 daAuts
  Lair:3: 1051 daAuts
     D:9: 1010 daAuts
     D:1: 983 daAuts
    D:14: 966 daAuts
  Lair:2: 963 daAuts
    D:13: 956 daAuts
